 Dungeon Crawl Stone Soup version 0.29-a0-789-g7a8fcbc185 (webtiles) character file.

Game seed: 7305059047914536616

375 spaghetti the Shooter (level 7, 25/50 HPs)
             Began as a Formicid Hunter on July 2, 2022.
             Quit the game on level 4 of the Dungeon on July 3, 2022.
             The game lasted 00:05:58 (3544 turns).

spaghetti the Shooter (Formicid Hunter)             Turns: 3544, Time: 00:05:59

Health: 25/50      AC:  4    Str: 15      XL:     7   Next: 3%
Magic:  7/7        EV: 16    Int:  8 (9)  God:
Gold:   136        SH:  0    Dex: 19      Spells: 6/6 levels left

rFire   . . .      SeeInvis +   a - +0 shortbow {bow}
rCold   . . .      Faith    .   (no shield)
rNeg    . . .      Spirit   .   c - +0 leather armour
rPois   .          Reflect  .   (helmet unavailable)
rElec   .          Harm     .   (no cloak)
rCorr   .          Rampage  .   p - +0 pair of gloves
Will    .....                   (no boots)
Stlth   ++........              t - amulet of regeneration {@e2}
HPRegen 0.96/turn               j - +4 ring of evasion
MPRegen 0.10/turn               (no ring)

@: mildly poisoned (25 -> 22)
A: permanent stasis, dig shafts and tunnels, antennae 3, four strong arms
a: Dig, Shaft Self


You were on level 4 of the Dungeon.
You visited 1 branch of the dungeon, and saw 5 of its levels.

You collected 136 gold pieces.


Innate Abilities, Weirdness & Mutations

You cannot be hasted, slowed, berserked, paralysed or teleported.
You can dig through walls and to a lower floor.
You have a pair of large antennae on your head. (SInv)
Your four strong arms can wield two-handed weapons with a shield.


   Skills:
 - Level 2.1 Fighting
 + Level 7.8 Ranged Weapons
 - Level 1.7 Dodging
 - Level 1.2 Stealth


You had 6 spell levels left.
You didn't know any spells.
Your spell library contained the following spells:

 Spells                   Type           Power      Damage    Failure   Level
 Apportation              Tloc           0%         N/A       47%         1
 Slow                     Hex            0%         N/A       47%         1
 Sting                    Tmut/Pois      0%         1d3       47%         1
 Ensorcelled Hibernation  Hex/Ice        0%         N/A       63%         2
 Passwall                 Tmut/Erth      0%         N/A       63%         2
 Confusing Touch          Hex            0%         N/A       85%         3
 Vampiric Draining        Necr           0%         2d6       85%         3
 Alistair's Intoxication  Tmut/Pois      0%         N/A       100%        5
 Swiftness                Air            Unusable   N/A       N/A         3

Inventory:

Hand Weapons
 a - a +0 shortbow (weapon) {bow}
 k - a +0 antimagic dagger {short}
   (You took it off a kobold on level 4 of the Dungeon)
 y - a +0 glaive {polearm}
   (You found it on level 3 of the Dungeon)
Missiles
 g - 42 stones {throwing}
 v - 13 poisoned darts {throwing}
Armour
 c - a +0 leather armour (worn)
 p - a +0 pair of gloves (worn)
   (You found it on level 1 of the Dungeon)
 C - a +0 plate armour
   (You found it on level 4 of the Dungeon)
Jewellery
 e - a +6 ring of intelligence
   (You found it on level 1 of the Dungeon)
 j - a +4 ring of evasion (left hand)
   (You found it on level 1 of the Dungeon)
 o - a ring of resist corrosion
   (You found it on level 1 of the Dungeon)
 t - an amulet of regeneration (around neck) {@e2}
   (You found it on level 4 of the Dungeon)
Wands
 q - a wand of light (5)
   (You found it on level 2 of the Dungeon)
Scrolls
 b - 3 scrolls of immolation {!r!r}
 d - 2 scrolls of enchant armour
 h - 3 scrolls of teleportation {@r4}
 i - a scroll of summoning
 l - a scroll of enchant weapon
 m - 4 scrolls of fear
 r - a scroll of poison {!r}
 u - a scroll of fog {unknown}
 w - a scroll of magic mapping {unknown}
 x - 2 scrolls of noise {unknown}
Potions
 n - 2 potions of berserk rage {unknown}
 s - a potion of heal wounds {unknown}
 z - a potion of curing {@q1}
 A - a potion of might
 B - a potion of attraction {unknown}
 D - a potion of flight {unknown}

Dungeon Overview and Level Annotations

Branches:
Dungeon (5/15) Zot: 26380
 Temple: D:4-7

Altars:
Sif Muna
Uskayaw

####### #########
#..[..# #.......#
#.....# #.......#
#.....# #.......#
#.....# #.......#
###...S.###.......#####
#....S@...'............
#.#....l###.......#####
#.#....................
#.#######.........#####
#.# #...........# #.##
#......##...#
#..##############...#
#........# #...#
##....⌠##.########...#


You could see a water moccasin, an iguana and an adder.


Message History

The arrow hits Natasha but does no damage.
Natasha claws you! 😮 HP[-9]
You take 9 damage, and now have 25/44 hp.
MASSIVE DAMAGE!! (PAUSE) Fire: a) +0 shortbow {bow}
Press: ? - help, Q - select action, (/) - cycle Shift-Dir - straight line, f/p - Natasha
Aim: Natasha (severely wounded, strong)
You shoot an arrow. The arrow closely misses Natasha.
Natasha claws you.
* * * LOW HITPOINT WARNING * * *
😨 HP[-4]
You take 4 damage, and now have 21/44 hp.
Fire: a) +0 shortbow {bow}
Press: ? - help, Q - select action, (/) - cycle Shift-Dir - straight line, f/p - Natasha
Aim: Natasha (severely wounded, strong)
You shoot an arrow. The arrow hits Natasha!
You kill Natasha!
You feel Natasha's spirit has finally been put to rest.
You feel your intelligence returning.
You have reached level 7! 😨 HP[+4] MP[+1]
You now have 50 max hp (+6).
You regained 4 hp, and now have 25/50 hp.
Your mp is fully restored (7).
Done exploring.
Done exploring. 😎 HP[+25]
Your hp is fully restored (50).
Done exploring.
Done exploring.
As you read the scroll labelled NUBREC PEFE, it crumbles to dust.
It is a scroll of identify.
d - 2 scrolls of enchant armour
As you read the scroll of identify {@r1}, it crumbles to dust.
h - 3 scrolls of teleportation
As you read the scroll of identify {@r1}, it crumbles to dust.
i - a scroll of summoning
As you read the scroll of identify {@r1}, it crumbles to dust.
l - a scroll of enchant weapon
As you read the scroll of identify {@r1}, it crumbles to dust.
m - 4 scrolls of fear
As you read the scroll of identify {@r1}, it crumbles to dust.
r - a scroll of poison
Okay, then.
Done exploring.
Done exploring.
Done exploring.
(D) Dungeon
Where to? (Enter - D:4, ? - help)
There is an open door here.
There is a stone staircase leading down here.
You climb downwards.
You sense a monster nearby.
There is a stone staircase leading up here.
Unknown command.
Unknown command.
There are monsters nearby!
There are monsters nearby!
You shoot an arrow.
The arrow hits the iguana but does no damage.
The orc shouts!
You hear a shout! x2; You hear an angry hiss.
You shoot an arrow. The arrow hits the orc!
You kill the orc!
A water moccasin comes into view.
An orc wizard comes into view. It is wielding a +0 dagger.
You shoot an arrow. The water moccasin hisses angrily.
The arrow hits the orc wizard!
You hear a shout!
The orc wizard casts a spell at you.
You easily resist.
An orc comes into view. It is wielding a +0 club.
An adder comes into view.
You shoot an arrow. The arrow hits the iguana.
An orc comes into view. It is wielding a +0 dagger.
You shoot an arrow.
The arrow hits the iguana but does no damage.
The iguana bites you.
The orc wizard gestures at you while chanting.
The puff of flame hits you! The adder bites you.
You are too injured to fight recklessly! 😮 HP[-14]
You take 14 damage, and now have 36/50 hp.
MASSIVE DAMAGE!! (PAUSE)
The iguana closely misses you.
The orc wizard points at you and mumbles some strange words.
The magic dart hits you. The water moccasin bites you.
You are poisoned.
The water moccasin poisons you! The adder barely misses you.
You climb upwards.
You feel very sick.
There is a stone staircase leading down here. 😨 HP[-11]
You take 11 damage, and now have 25/50 hp.
MASSIVE DAMAGE!! (PAUSE) Unknown command.
Unknown command.
Unknown command.
Are you sure you want to abandon this character and quit the game? (Confirm with "yes".)

Skill      XL: |  1  2  3  4  5 |
---------------+----------------+-----
Ranged Weapons | 5 6 7 |  7.8
Fighting       | |  2.1
Dodging        | |  1.7
Stealth        | |  1.2

Action                   |  1- 3 |  4- 6 |  7- 9 || total
-------------------------+-------+-------+-------++-------
Melee: Shortbow          |    40 |       |       ||    40
       Punch             |     1 |     1 |       ||     2
       Glaive            |       |    19 |       ||    19
 Fire: Shortbow          |    46 |   132 |     5 ||   183
 Abil: Dig               |     1 |       |       ||     1
Evoke: Wand              |       |     4 |       ||     4
  Use: Potion            |       |     3 |       ||     3
       Scroll            |       |       |     6 ||     6
 Stab: Invisible         |       |     1 |       ||     1
Armor: Leather armour    |       |    11 |       ||    11
       Skin              |       |     3 |       ||     3
Dodge: Dodged            |     5 |    63 |     2 ||    70

Levels and vault maps discovered:
D:1:      nzn_arrival_crosshair, layout_basic,
          shapermc_ecumenical_altar_rom_forum
D:2:      layout_loops_cross
D:3:      minmay_bubble_buster, layout_basic, lemuel_tele_altar
D:4:      layout_basic, nicolae_sif_muna_condensation, minmay_misc_feat_cross,
          grunt_ministairs_1, uniq_natasha, uniq_duvessa
D:5:      layout_cave_pools, mainiacjoe_overflow_alcove_4, minitemple,
          jmf_multi_god_temple2, eino_curves_01, minmay_starry_boxes

Notes
Turn   | Place    | Note
-------+----------+-------------------------------------------
     0 | D:1      | spaghetti the Formicid Hunter began the quest for the Orb.
     0 | D:1      | Reached XP level 1. HP: 16/16 MP: 1/1
     0 | D:1      | magus.rc [v1.9.6]
    42 | D:1      | You pick up a book of Debilitation and begin reading...
    42 | D:1      | You add the spells Slow, Vampiric Draining and Confusing
                  | Touch to your library.
   124 | D:1      | Reached XP level 2. HP: 22/22 MP: 2/2
   173 | D:1      | You pick up a book of Burglary and begin reading...
   173 | D:1      | You add the spells Passwall and Ensorcelled Hibernation to
                  | your library.
   279 | D:1      | Reached XP level 3. HP: 20/27 MP: 3/3
   279 | D:1      | magus.rc [v1.9.6]
   392 | D:1      | Found a faded altar of an unknown god.
   429 | D:1      | Got Plato's Collected Works on Envenoming
   721 | D:2      | Reached skill level 5 in Ranged Weapons
  1198 | D:2      | Reached XP level 4. HP: 33/33 MP: 4/4
  1488 | D:3      | Found a hide-covered altar of Uskayaw.
  2425 | D:3      | Reached skill level 6 in Ranged Weapons
  2425 | D:3      | Reached XP level 5. HP: 38/38 MP: 5/5
  2441 | D:3      | You pick up a book of Party Tricks and begin reading...
  2441 | D:3      | You add the spells Apportation and Alistair's Intoxication
                  | to your library.
  2683 | D:4      | Found a shimmering blue altar of Sif Muna.
  2731 | D:4      | Noticed Dowan
  2733 | D:4      | Noticed Duvessa
  2752 | D:4      | Killed Duvessa
  2753 | D:4      | Reached skill level 7 in Ranged Weapons
  2753 | D:4      | Reached XP level 6. HP: 29/44 MP: 6/6
  2761 | D:4      | Killed Dowan
  3175 | D:4      | Noticed Natasha
  3181 | D:4      | Killed Natasha
  3194 | D:4      | Noticed Natasha
  3197 | D:4      | Killed Natasha
  3450 | D:4      | Noticed Natasha
  3470 | D:4      | Killed Natasha
  3471 | D:4      | Reached XP level 7. HP: 25/50 MP: 7/7
  3536 | D:5      | Entered Level 5 of the Dungeon
  3538 | D:5      | Noticed a water moccasin
  3544 | D:4      | Quit the game

Vanquished Creatures
  Duvessa (D:4)
  Dowan (D:4)
  Natasha (thrice) (D:4)
  5 adders
  3 gnolls (D:4)
  A worm (D:3)
  An orc (D:5)
  9 ball pythons
  5 endoplasms
  6 giant cockroaches
  9 goblins
  10 hobgoblins
  A jackal (D:3)
  3 quokkas
  4 bats
  5 frilled lizards
  7 kobolds
  2 rats
76 creatures vanquished.

Vanquished Creatures (others)
  A fungus (D:1)
1 creature vanquished.

Grand Total: 77 creatures vanquished

Table legend:
 A = Non-vault XP
 B = Vault XP
 C = Vault XP percentage of total XP
 D = Non-vault monster count
 E = Vault monster count
 F = Vault count percentage of total count
                 A         B        C        D         E       F
            +---------+---------+-------+---------+---------+-------
      Total |     239 |     297 |  55.4 |      58 |      18 |  23.7
            +---------+---------+-------+---------+---------+-------
        D:1 |      36 |       0 |   0.0 |      21 |       0 |   0.0
        D:2 |      38 |       0 |   0.0 |       9 |       0 |   0.0
        D:3 |      30 |      46 |  60.5 |       9 |      14 |  60.9
        D:4 |     132 |     251 |  65.5 |      18 |       4 |  18.2
        D:5 |       3 |       0 |   0.0 |       1 |       0 |   0.0
            +---------+---------+-------+---------+---------+-------

Illustrated notes

Table legend:
 A = Kills in this place as a percentage of kills in entire the game.
 B = Kills by you in this place as a percentage of kills by you in the entire game.
 C = Kills by friends in this place as a percentage of kills by friends in the entire game.
 D = Other kills in this place as a percentage of other kills in the entire game.
 E = Experience gained in this place as a percentage of experience gained in the entire game.
 F = Experience gained in this place divided by the number of levels of this place that you have seen.
                   A       B       C       D       E      F
               +-------+-------+-------+-------+-------+----------------------
         Total | 100.0 | 100.0 |   N/A |   N/A | 100.0 | 107.2
       Dungeon | 100.0 | 100.0 |   N/A |   N/A | 100.0 | 107.2
               +-------+-------+-------+-------+-------+----------------------

Table legend: (Time is in decaauts)
 A = Elapsed time spent in this place.
 B = Non-inter-level travel time spent in this place.
 C = Inter-level travel time spent in this place.
 D = Time resting spent in this place.
 E = Time spent auto-exploring this place.
 F = Levels seen in this place.
 G = Mean time per level.
                   A        B        C        D        E       F      G
               +--------+--------+--------+--------+--------+-----+--------+
         Total |   3619 |   3447 |    172 |      5 |   2918 |   5 |  723.8 |
       Dungeon |   3619 |   3447 |    172 |      5 |   2918 |   5 |  723.8 |
               +--------+--------+--------+--------+--------+-----+--------+

Top non-repeatable levels by time:
     D:3: 1269 daAuts
     D:4: 932 daAuts
     D:1: 744 daAuts
     D:2: 664 daAuts
     D:5: 7 daAuts
